Map: 10000 Feet LE

Players

PrinceAbubu

  • Race: Zerg Zerg
  • League: Diamond
  • Spawn Location: 11:00

Roy - Winner!

  • Race: Terran Terran
  • League: Diamond
  • Spawn Location: 5:00

VOD

Have the link to the VOD?

Description

Played bad

Time

  • Played on: Nov. 26, 2025, 8:56 p.m.
  • Length: 18:13
Show
View Real Time Build Order
Export as new Build Order

PrinceAbubu Zerg 

Build Orders: Hatch First, Brood Lord Corruptor 

Get SALT Encoding   

  12  0:00  Drone  
  13  0:07  Drone  
  14  0:15  Extractor, Drone  
  15  0:24  Overlord  
  15  0:43  Drone  
  15  0:47  Hatchery  
  15  0:49  Drone  
  16  0:53  Drone  
  16  0:56  Drone  
  18  1:07  Extractor  
  17  1:12  Spawning Pool  
  17  1:14  Drone  
  17  1:18  Drone  
  18  1:27  Drone  
  19  1:38  Drone  
  20  1:50  Drone  
  21  2:00  Queen x2  
  21  2:01  Zergling x4  
  27  2:11  Overlord, Metabolic Boost, Drone  
  28  2:32  Drone x4  
  28  2:35  Queen  
  34  2:44  Queen  
  34  2:47  Overlord  
  36  2:58  Overlord  
  36  3:10  Drone x7  
  43  3:14  Drone  
  43  3:15  Overlord  
  44  3:21  Lair  
  44  3:42  Hatchery  
  44  3:46  Extractor  
  44  3:47  Extractor x2, Drone  
  44  3:48  Drone x2  
  43  3:49  Drone x2  
  43  3:50  Drone  
  43  3:51  Drone x2  
  48  4:00  Drone x4  
  52  4:12  Overlord x2  
  52  4:21  Overlord  
  52  4:30  Queen  
  54  4:34  Spire, Drone  
  54  4:35  Drone  
  55  4:46  Zergling x2  
  55  4:47  Zergling x12  
  62  4:53  Overlord  
  62  4:56  Queen  
  64  5:04  Drone  
  64  5:05  Drone x3  
  68  5:15  Overseer  
  68  5:26  Drone x9  
  77  5:32  Overlord  
  77  5:43  Mutalisk x5  
  77  5:44  Mutalisk  
  77  5:49  Overlord  
  89  5:56  Mutalisk  
  89  5:57  Mutalisk x3  
  97  6:10  Hatchery  
  93  6:14  Zergling x2  
  93  6:15  Zergling x24  
  98  6:24  Zergling x4  
  90  6:32  Zergling x10  
  88  6:52  Drone x4  
  92  6:55  Overlord x2  
  90  7:16  Hatchery  
  83  7:27  Evolution Chamber, Baneling Nest  
  83  7:29  Evolution Chamber  
  80  7:34  Drone x5  
  85  7:39  Drone  
  85  7:41  Extractor  
  85  7:43  Extractor  
  84  7:53  Infestation Pit, Zerg Flyer Weapons Level 1  
  83  8:04  Hatchery, Drone x3  
  83  8:05  Drone x3  
  88  8:06  Drone x4  
  92  8:27  Drone  
  92  8:28  Drone x6  
  99  8:39  Centrifugal Hooks  
  99  8:40  Zerg Melee Weapons Level 1  
  99  8:41  Zerg Ground Armor Level 1  
  99  8:42  Hive  
  99  8:45  Spire  
  98  8:52  Drone x8  
  98  8:55  Baneling x28  
  106  8:57  Overlord x3  
  106  8:59  Pneumatized Carapace  
  106  9:20  Extractor x2, Drone x3  
  106  9:21  Drone  
  106  9:22  Drone x2  
  110  9:30  Spine Crawler x2  
  110  9:31  Spine Crawler x2  
  107  9:35  Spine Crawler  
  107  9:36  Drone x11  
  116  9:53  Zerg Flyer Weapons Level 2  
  116  9:55  Corruptor x6, Greater Spire  
  116  9:59  Overlord x2  
  124  10:21  Zergling x26  
  127  10:38  Drone  
  127  10:39  Drone x10  
  128  10:44  Corruptor x2  
  132  10:51  Adrenal Glands  
  132  10:52  Zerg Ground Armor Level 2  
  132  10:56  Zerg Melee Weapons Level 2  
  132  11:02  Drone x2  
  132  11:03  Drone x3  
  137  11:09  Drone  
  138  11:12  Corruptor x2  
  138  11:13  Corruptor x6  
  154  11:19  Corruptor x3  
  154  11:21  Overlord x3  
  160  11:32  Spine Crawler  
  159  11:33  Extractor, Spine Crawler  
  159  11:35  Spine Crawler  
  159  11:36  Extractor, Spine Crawler, Drone x7  
  159  11:37  Spine Crawler  
  160  11:46  Overseer  
  160  11:53  Brood Lord x5  
  156  12:12  Zergling x28  
  141  12:20  Brood Lord x4  
  141  12:22  Zergling x16  
  138  12:56  Corruptor  
  138  12:57  Corruptor x7  
  154  13:13  Brood Lord x2  
  154  13:16  Zergling x22  
  169  13:20  Hatchery  
  169  13:24  Hatchery  
  167  14:01  Baneling x25  
  167  14:02  Baneling x7  
  167  14:03  Zergling x22  
  178  14:10  Overseer x2  
  178  14:18  Zergling x6  
  147  14:42  Zergling x18  
  140  15:03  Corruptor x11  
  145  15:13  Zergling x2  
  126  15:42  Zergling x6  
  116  15:43  Zergling x24  
  117  15:58  Corruptor x5  
  116  16:10  Extractor  
  115  16:12  Extractor, Drone x3  
  115  16:13  Drone  
  115  16:14  Drone x2  
  120  16:18  Zerg Flyer Armor Level 1  
  120  16:22  Brood Lord x6  
  132  16:42  Drone x9  
  132  16:43  Drone x8  
  142  16:57  Baneling  
  142  16:58  Baneling x24  
  142  16:59  Corruptor  
  133  17:02  Corruptor  
  135  17:14  Corruptor x2  
  128  17:24  Corruptor x2  
  124  17:30  Zergling x10  
  124  17:31  Zergling x14  
  134  17:40  Corruptor  
  134  17:41  Corruptor x2  
Show
View Real Time Build Order
Export as new Build Order

Roy Terran - Winner!

Build Orders: Reaper Expand 

Get SALT Encoding   

  12  0:00  SCV  
  13  0:12  SCV  
  14  0:19  Supply Depot  
  14  0:24  SCV  
  15  0:41  SCV  
  16  0:42  Barracks  
  16  0:47  Refinery  
  16  0:53  SCV  
  17  1:05  SCV  
  18  1:17  SCV  
  19  1:30  Orbital Command  
  19  1:31  Reaper  
  20  1:40  Command Center  
  20  1:49  Supply Depot  
  20  1:56  SCV  
  21  2:08  Marine  
  22  2:12  SCV  
  23  2:24  Command Center  
  23  2:26  Barracks Reactor  
  23  2:27  SCV  
  24  2:40  SCV  
  25  2:52  Barracks  
  25  2:53  Barracks  
  25  2:54  Orbital Command  
  25  2:58  SCV  
  25  3:04  Marine x2  
  28  3:13  SCV  
  29  3:21  SCV  
  29  3:23  Marine x2  
  32  3:39  Barracks Tech Lab  
  31  3:42  Barracks Tech Lab  
  31  3:43  Orbital Command  
  31  3:45  Marine x2  
  31  3:48  SCV x2  
  35  3:59  Marine  
  35  4:01  Marine  
  35  4:02  Stimpack, Combat Shield  
  37  4:05  SCV x2, Marine  
  37  4:06  Marine  
  41  4:10  SCV  
  41  4:13  Refinery  
  41  4:15  Refinery  
  42  4:18  SCV x2  
  42  4:19  Marine x2  
  42  4:23  SCV, Marine x2  
  49  4:30  SCV x2  
  51  4:35  SCV  
  51  4:37  Marine x2  
  54  4:42  Marine x2  
  54  4:43  Supply Depot  
  56  4:46  Factory  
  56  4:51  SCV x3  
  58  5:00  Factory  
  58  5:03  SCV x2  
  58  5:04  Barracks  
  58  5:05  Supply Depot, Barracks, SCV  
  61  5:07  Barracks  
  61  5:15  SCV x2  
  61  5:17  SCV  
  64  5:21  Marine x2  
  64  5:22  Marine x2  
  64  5:25  Supply Depot  
  64  5:27  Supply Depot  
  68  5:31  Factory Tech Lab  
  68  5:33  SCV x3  
  71  5:37  Supply Depot  
  71  5:46  Concussive Shells  
  71  5:48  Factory Reactor  
  71  5:53  Siege Tank  
  71  5:56  Starport  
  74  5:57  Engineering Bay  
  74  5:58  Orbital Command, Engineering Bay  
  74  6:13  Marine x6  
  79  6:27  Widow Mine x2, Siege Tank  
  79  6:30  Terran Infantry Weapons Level 1, Marine, Terran Infantry Armor Level 1  
  79  6:31  SCV x3, Marine x5  
  76  6:49  Marine x4  
  76  6:52  Missile Turret  
  76  6:54  Missile Turret  
  80  6:59  Starport Reactor  
  80  7:01  Widow Mine x3  
  86  7:05  SCV x2  
  86  7:06  SCV  
  87  7:18  Missile Turret  
  87  7:20  SCV x2  
  87  7:21  SCV  
  89  7:23  Barracks Reactor  
  89  7:24  Barracks Reactor  
  89  7:28  Barracks Reactor  
  89  7:30  Marine x4, Command Center  
  89  7:36  SCV x3  
  96  7:40  Refinery  
  96  7:48  Marine  
  96  7:50  Widow Mine x2  
  101  7:58  Armory  
  101  8:07  Supply Depot x2  
  101  8:10  Supply Depot  
  101  8:11  Missile Turret  
  101  8:28  Medivac x2, Widow Mine x2  
  101  8:29  SCV x3, Widow Mine  
  101  8:33  Supply Depot  
  114  8:34  Refinery  
  114  8:35  Supply Depot  
  114  8:39  Refinery  
  114  8:42  Marine x3  
  114  8:43  Marine x5  
  114  8:44  Marine x2  
  114  8:46  Terran Infantry Armor Level 2, Terran Infantry Weapons Level 2  
  124  8:58  Orbital Command  
  124  9:01  Supply Depot  
  124  9:03  Supply Depot  
  124  9:11  Marine x6, Marauder x2  
  124  9:12  Marine x2  
  124  9:13  Widow Mine x3  
  124  9:14  Medivac x2  
  146  9:29  Marine  
  146  9:30  Supply Depot  
  146  9:31  Marine x7  
  148  9:32  Marine  
  148  9:35  Terran Vehicle And Ship Armor Level 1  
  155  9:48  Widow Mine  
  155  9:49  Widow Mine x2  
  161  9:53  Marine x6, Marauder x2  
  161  9:54  Marine  
  172  10:00  Medivac x2  
  172  10:01  Command Center  
  176  10:11  Command Center  
  168  10:28  Widow Mine x3, Marine  
  174  10:29  Marine, Marauder x2  
  174  10:30  Marine x4  
  180  10:36  Marine x2  
  180  10:40  Medivac x2  
  166  10:49  Missile Turret  
  166  10:51  Drilling Claws, Missile Turret  
  166  10:54  SCV  
  166  10:55  SCV x3  
  170  11:05  Terran Infantry Armor Level 3, Terran Infantry Weapons Level 3  
  170  11:06  Missile Turret  
  170  11:07  Missile Turret  
  170  11:14  Orbital Command  
  170  11:23  Marauder  
  170  11:24  Marauder  
  174  11:25  Missile Turret  
  174  11:26  Missile Turret  
  174  11:32  Terran Vehicle And Ship Armor Level 2, Missile Turret  
  174  11:35  Marine  
  174  11:36  Marine x4  
  179  11:45  Marauder  
  181  12:09  Marine  
  181  12:10  Marine x9  
  168  12:26  Widow Mine x2  
  168  12:27  Widow Mine, Marine x4  
  168  12:28  Marine x4, Marauder x2  
  179  12:37  Viking x2  
  148  12:45  Marine x5  
  148  12:48  Widow Mine  
  148  12:50  Marauder x2  
  149  12:52  Widow Mine x2  
  149  12:57  Orbital Command  
  147  13:08  Starport  
  147  13:09  Starport  
  147  13:10  Starport  
  147  13:11  Viking x2  
  147  13:12  Starport  
  149  13:22  Refinery x2  
  149  13:27  Marine x4  
  149  13:28  Marine x4  
  149  13:29  Widow Mine x2  
  161  13:48  Viking  
  161  13:49  Viking x5  
  161  13:50  Command Center  
  161  13:51  Terran Ship Weapons Level 1  
  161  13:52  Neosteel Armor  
  161  13:53  Hi-Sec Auto Tracking  
  173  14:01  Command Center  
  173  14:20  Viking  
  167  14:27  Viking  
  167  14:28  Viking x4, Refinery  
  167  14:29  Refinery  
  144  14:33  Supply Depot  
  144  14:36  Supply Depot  
  144  14:37  Supply Depot  
  135  14:39  Supply Depot  
  114  14:47  Marine  
  114  14:48  Marine x7  
  94  15:05  Marine  
  94  15:06  Marine  
  84  15:09  Marine x4  
  84  15:11  Viking x6  
  94  15:20  Widow Mine x3  
  93  15:23  Planetary Fortress, Marine x2  
  93  15:27  Marine x4  
  96  15:30  SCV x3  
  95  15:41  Viking x6, Marine x2  
  108  15:49  Planetary Fortress  
  101  16:01  Marine x6  
  101  16:03  Widow Mine x3  
  105  16:11  Viking  
  107  16:19  Marine x3, Orbital Command  
  110  16:26  SCV x3  
  110  16:27  SCV x3  
  116  16:37  Barracks  
  116  16:39  Medivac  
  118  16:40  Medivac x4  
  118  16:41  Barracks  
  130  16:54  Widow Mine x3  
  132  17:10  Marine x6  
  132  17:12  Starport Reactor x3  
  140  17:15  Widow Mine  
  119  17:26  Marine  
  119  17:28  Marine  
  121  17:31  Marine x5  
  121  17:32  Marine  
  119  17:56  Starport Reactor  
Tags
 
Add a new tag
Caveats
  • Supply blocks, unpowered buildings, or Contaminate may cause inaccurate times.
  • Supply counts are checked every 10 seconds.